 Dungeon Crawl Stone Soup version 0.24.0-37-gcf1ca852f1 (webtiles) character file.

Game seed: 3928114698443271473, levelgen mode: deterministic

12168 Curus the Severer (level 11, -22/95 HPs)
             Began as a Minotaur Gladiator on Nov 24, 2019.
             Was an Elder of Makhleb.
             Annihilated by an ettin (glowing shapeshifter) (25 damage)
             ... on level 11 of the Dungeon.
             The game lasted 00:31:04 (9875 turns).

Curus the Severer (Minotaur Gladiator)              Turns: 9875, Time: 00:31:05

Health: -22/95     AC: 19    Str: 18    XL:     11   Next: 58%
Magic:  10/10      EV:  7    Int:  7    God:    Makhleb [****..]
Gold:   483        SH:  0    Dex: 14    Spells: 10/10 levels left

rFire    + . .     SeeInvis .   t - +0 battleaxe
rCold    + . .     Gourm    .   (shield currently unavailable)
rNeg     . . .     Faith    .   u - +1 plate armour
rPois    .         Spirit   .   (helmet unavailable)
rElec    .         Reflect  .   (no cloak)
rCorr    .         Harm     .   m - +0 pair of gloves
MR       .....     Clarity  +   B - +2 pair of boots {Fly}
Stlth    ..........             (no amulet)
HPRegen  0.25/turn              H - ring of protection from fire
MPRegen  0.12/turn              j - ring of protection from cold

@: flying
A: retaliatory headbutt, horns 3, clarity, MP-powered wands
a: Minor Destruction, Lesser Servant of Makhleb, Major Destruction, Renounce
Religion, Stop Flying


You were on level 11 of the Dungeon.
You worshipped Makhleb.
Makhleb was greatly pleased with you.
You were not hungry.

You visited 2 branches of the dungeon, and saw 12 of its levels.

You collected 540 gold pieces.
You spent 57 gold pieces at shops.

Inventory:

Hand Weapons
 a - a +1 war axe
 t - a +0 battleaxe (weapon)
Missiles
 d - 3 throwing nets (quivered)
Armour
 b - a +0 leather armour
 c - a +1 hat
 h - a +0 ring mail
 l - a +0 scale mail
 m - a +0 pair of gloves (worn)
 p - a +0 pair of boots
 u - a +1 plate armour (worn)
 v - a +0 hat of see invisible
 x - +1 fire dragon scales
 B - a +2 pair of boots of flying (worn)
Jewellery
 i - a +2 ring of dexterity
 j - a ring of protection from cold (right hand)
 q - an uncursed ring of flight
 w - an uncursed ring of stealth
 E - an uncursed ring of resist corrosion
 H - a ring of protection from fire (left hand)
Wands
 o - a wand of disintegration (10)
 r - a wand of random effects (32)
 y - a wand of flame (32)
 A - a wand of enslavement (6)
 D - a wand of clouds (5)
 G - a wand of paralysis (10)
Scrolls
 g - 5 scrolls of identify
 k - 4 scrolls of teleportation
 n - 9 scrolls of remove curse
 C - a scroll of amnesia
Potions
 e - 5 potions of curing
 s - 3 potions of haste
 z - 2 potions of heal wounds
Comestibles
 f - 23 rations
 F - 2 chunks of flesh


   Skills:
 + Level 8.3 Fighting
 - Level 17.9 Axes
 - Level 2.0 Throwing
 + Level 7.9 Armour
 - Level 3.2 Dodging


You had 10 spell levels left.
You didn't know any spells.
Your spell library contained the following spells:

 Spells                   Type           Power        Failure   Level  Hunger
 Animate Skeleton         Necr           N/A          100%        1    ##.....
 Apportation              Tloc           #.....       100%        1    ##.....
 Confusing Touch          Hex            #.....       100%        1    ##.....
 Sandblast                Erth           #.....       100%        1    ##.....
 Shock                    Conj/Air       #...         100%        1    ##.....
 Summon Small Mammal      Summ           #...         100%        1    ##.....
 Passwall                 Tmut/Erth      #.......     100%        2    ###....
 Swiftness                Chrm/Air       #.......     100%        2    ###....
 Static Discharge         Conj/Air       #.......     100%        3    ####...
 Stone Arrow              Conj/Erth      #.....       100%        3    ####...
 Airstrike                Air            #.........   100%        4    #####..
 Petrify                  Tmut/Erth      #.......     100%        4    #####..
 Lee's Rapid Deconstruct  Erth           #.........   100%        5    ######.
 Lightning Bolt           Conj/Air       #.........   100%        5    ######.


Dungeon Overview and Level Annotations

Branches:
Dungeon (11/15)            Temple (0/1) D:6            Lair (1/6) D:10
    Orc: D:9-12

Altars:
Fedhas
Hepliaklqana
Makhleb
Nemelex Xobeh
Okawaru
Ru
Sif Muna
Uskayaw
Wu Jian

Shops:
D:4 [   D:9 *(%

Annotations:
D:9 1 runed translucent door


Innate Abilities, Weirdness & Mutations

You reflexively headbutt those who attack you in melee.
You have a pair of large horns on your head.
You possess an exceptional clarity of mind.
You expend magic power (3 MP) to strengthen your wands.


Message History

The ettin is moderately wounded.
The ettin closely misses you. The ettin hits you!
You hit the ettin but do no damage. You headbutt the ettin.
The ettin is moderately wounded.
The ettin hits you!! The ettin completely misses you.
You slash the ettin!
You headbutt the ettin, but do no damage.
The ettin is heavily wounded.
The ettin hits you!!
* * * LOW HITPOINT WARNING * * *
The ettin hits you but does no damage.
A demon appears!
You hear the stately tolling of a distant bell.
The ettin hits you.
* * * LOW HITPOINT WARNING * * *
The ettin hits you but does no damage.
You hit the ettin but do no damage. You headbutt the ettin!
The ettin is heavily wounded.
The ettin barely misses you. The ettin hits you!!
You die...

### #.######.....###
.######......≈.....#
.##....#####≈≈.....#
.....#.# ##≈≈≈.<...#
###..#.###≈≈≈≈≈≈####
..>....#)≈≈≈≈≈≈≈#
.......#.≈≈≈≈≈≈≈#
..<....#.≈≈≈≈≈≈C###
.......#.≈≈≈≈≈≈≈@.#
.....>.##≈≈≈≈≈≈3#.#
##########≈≈≈≈≈≈#.#
##≈≈≈≈≈#.# #####
##≈≈≈##.# ....#
##≈## .# ###.# ###
.# ..#.### .#
......#


You could see an ettin shaped shifter and a friendly neqoxec.

Vanquished Creatures
  A death knight (D:11)
  A deep troll earth mage (D:11)
  A deep troll (D:11)
  Pikel (D:4)
  A manticore (D:11)
  2 elephants (D:10)
  Joseph (D:7)
  4 slime creatures (D:10)
  A hippogriff (D:6)
  A vampire (D:11)
  A water elemental (D:11)
  A human (D:7)
  A wyvern (D:11)
  4 hogs (D:7)
  A hungry ghost (D:9)
  A vampire mosquito (D:11)
  3 water moccasins
  2 porcupines (Lair:1)
  3 ice beasts
  3 orc warriors
  4 sky beasts
  3 black bears
  A necrophage (D:9)
  3 eyes of draining
  3 phantoms
  4 centaurs
  7 ogres
  2 big kobolds (D:10)
  6 bullfrogs
  8 scorpions
  A wight (D:9)
  An electric eel (D:11)
  3 howler monkeys
  3 crimson imps
  4 hounds
  2 jellies
  8 orc wizards
  5 orc priests
  A gnoll shaman (D:7)
  5 bullfrog skeletons
  Terence (D:2)
  Natasha (twice) (D:4)
  6 iguanas
  4 worker ants
  2 hound zombies (D:5)
  3 hound skeletons
  2 worker ant zombies (D:5)
  A howler monkey skeleton (D:9)
  A gnoll (D:1)
  12 adders
  2 shadow imps
  3 adder zombies
  2 adder skeletons
  3 worms
  2 dart slugs (D:1)
  10 leopard geckos
  44 orcs
  11 bats
  11 giant cockroaches
  6 hobgoblins
  12 jackals
  2 quokkas
  2 ball pythons
  6 frilled lizards
  5 goblins
  13 kobolds
  A leopard gecko zombie (D:5)
  A quokka zombie (D:7)
  9 rats
  4 plants (D:10)
291 creatures vanquished.

Vanquished Creatures (collateral kills)
  A hydra (Lair:1)
1 creature vanquished.

Vanquished Creatures (others)
  An adder (D:4)
  A jackal zombie (D:4)
2 creatures vanquished.

Grand Total: 294 creatures vanquished

Notes
Turn   | Place    | Note
-------+----------+-------------------------------------------
     0 | D:1      | Curus the Minotaur Gladiator began the quest for the Orb.
     0 | D:1      | Reached XP level 1. HP: 18/18 MP: 0/0
    72 | D:1      | Reached skill level 4 in Axes
    72 | D:1      | Reached XP level 2. HP: 25/25 MP: 1/1
   289 | D:1      | Reached skill level 5 in Axes
   323 | D:1      | You fall into a shaft and drop 1 floor!
   328 | D:2      | Reached XP level 3. HP: 30/30 MP: 2/2
   922 | D:2      | Noticed Terence
   935 | D:2      | Killed Terence
   935 | D:2      | Reached skill level 6 in Axes
   935 | D:2      | Reached XP level 4. HP: 29/37 MP: 3/3
  1500 | D:3      | Noticed an ogre
  1505 | D:3      | Killed an ogre
  1505 | D:3      | Reached skill level 7 in Axes
  1505 | D:3      | Reached XP level 5. HP: 34/42 MP: 4/4
  1867 | D:3      | Reached skill level 8 in Axes
  2146 | D:4      | Reached XP level 6. HP: 37/50 MP: 5/5
  2224 | D:4      | You fall into a shaft and drop 1 floor!
  2224 | D:5      | Entered Level 5 of the Dungeon
  2243 | D:5      | Found a burning altar of Makhleb.
  2255 | D:5      | Reached skill level 9 in Axes
  2268 | D:5      | Noticed a sky beast
  2285 | D:5      | Killed a sky beast
  2285 | D:5      | Reached XP level 7. HP: 16/56 MP: 6/6
  2291 | D:5      | Reached skill level 10 in Axes
  2633 | D:5      | Became a worshipper of Makhleb the Destroyer
  2642 | D:4      | Found a hide-covered altar of Uskayaw.
  2669 | D:4      | Reached skill level 11 in Axes
  2686 | D:4      | Noticed Pikel
  2710 | D:4      | Killed Pikel
  2710 | D:4      | Reached skill level 12 in Axes
  2710 | D:4      | Reached XP level 8. HP: 20/62 MP: 7/7
  3071 | D:4      | Noticed Natasha
  3076 | D:4      | Killed Natasha
  3120 | D:4      | Found Gerche's Armour Shop.
  3208 | D:4      | Noticed Natasha
  3215 | D:4      | Killed Natasha
  3387 | D:5      | Found an iron altar of Okawaru.
  3402 | D:5      | Reached * piety under Makhleb
  3479 | D:5      | Found an iron altar of Okawaru.
  3516 | D:5      | Reached skill level 13 in Axes
  3820 | D:6      | Reached XP level 9. HP: 68/68 MP: 8/8
  3821 | D:6      | Found a staircase to the Ecumenical Temple.
  3838 | D:6      | Reached skill level 14 in Axes
  3868 | D:6      | Reached ** piety under Makhleb
  4361 | D:6      | Found a hazy altar of Hepliaklqana.
  4587 | D:7      | Reached skill level 15 in Axes
  4601 | D:7      | Identified the cursed +3 hunting sling of Resumed
                  | Hostilities {speed, rPois rN+ Dex+3}
  4675 | D:7      | Reached *** piety under Makhleb
  4701 | D:7      | Noticed Joseph
  4742 | D:6      | Reached skill level 16 in Axes
  5282 | D:7      | Killed Joseph
  5282 | D:7      | Reached XP level 10. HP: 37/74 MP: 9/9
  5339 | D:7      | Found an ornate altar of the Wu Jian Council.
  5340 | D:7      | Found a sacrificial altar of Ru.
  5688 | D:8      | Found a blossoming altar of Fedhas.
  6023 | D:8      | Reached skill level 17 in Axes
  6158 | D:8      | Found a sparkling altar of Nemelex Xobeh.
  7325 | D:9      | Found a shimmering blue altar of Sif Muna.
  7440 | D:9      | Found a runed translucent door.
  7501 | D:9      | Found Goril's Assorted Antiques.
  7505 | D:9      | Bought a potion of curing for 57 gold pieces
  7726 | D:9      | Found Satask's Antique Weapon Shoppe.
  7734 | D:9      | Found Jiytwaech's Food Boutique.
  7940 | D:10     | Entered Level 10 of the Dungeon
  8018 | D:10     | Found a staircase to the Lair.
  8030 | Lair:1   | Entered Level 1 of the Lair of Beasts
  8037 | Lair:1   | Reached **** piety under Makhleb
  8084 | Lair:1   | Reached skill level 1 in Armour
  8114 | Lair:1   | Gained mutation: You have a pair of large horns on your
                  | head. [potion of mutation]
  8114 | Lair:1   | Gained mutation: You expend magic power (3 MP) to
                  | strengthen your wands. [potion of mutation]
  8114 | Lair:1   | Gained mutation: You possess an exceptional clarity of
                  | mind. [potion of mutation]
  8115 | Lair:1   | Noticed an eight-headed hydra
  8126 | Lair:1   | HP: 3/77 [poisoned by a water moccasin]
  8134 | Lair:1   | HP: 3/77 [poisoned by a water moccasin]
  8135 | Lair:1   | Killed a nine-headed hydra
  8627 | Lair:1   | Noticed an elephant
  8627 | Lair:1   | Noticed an elephant
  8628 | Lair:1   | Noticed an elephant
  8629 | Lair:1   | Noticed an elephant
  8695 | D:10     | Killed an elephant
  8703 | D:10     | Killed an elephant
  8703 | D:10     | Reached skill level 5 in Fighting
  8703 | D:10     | Reached XP level 11. HP: 86/86 MP: 10/10
  8760 | D:10     | Reached skill level 5 in Armour
  9521 | D:11     | Noticed a death knight
  9542 | D:11     | Killed a death knight
  9640 | D:11     | Noticed a deep troll earth mage
  9646 | D:11     | Killed a deep troll earth mage
  9782 | D:11     | Noticed a deep troll
  9794 | D:11     | Killed a deep troll
  9866 | D:11     | Noticed an anaconda
  9866 | D:11     | Noticed a spark wasp
  9866 | D:11     | an anaconda changed into a spark wasp
  9868 | D:11     | Noticed an ettin
  9868 | D:11     | a spark wasp changed into an ettin
  9874 | D:11     | HP: 3/95 [ettin (glowing shapeshifter) (1)]
  9875 | D:11     | Annihilated by an ettin (glowing shapeshifter)

Levels and vault maps discovered:
D:1:      lemuel_arrival_funnel, layout_basic
D:2:      kb_forest_paths, layout_loops_ring, uniq_terence
D:3:      minmay_octagon_keep, layout_basic
D:4:      layout_basic, eat_drink_and_be_merry_uskayaw, serial_shops,
          kennysheep_mini_moat, first_ration, uniq_natasha, uniq_pikel
D:5:      layout_basic, overflow_temple_1_default, bloody_makhleb,
          okawaru_gym_becter
D:6:      layout_basic, kennysheep_little_box, minmay_temple_entry_stoned_glass
D:7:      minmay_the_grid_octo_triangle [minmay_the_grid_octo_concentric,
          minmay_the_grid_octo_prize_ultimate_mussel_roller,
          minmay_the_grid_octo_focus], layout_rooms,
          gammafunk_temple_overflow_statue, grunt_livestock, uniq_joseph
D:8:      layout_layer_cave, nemelex_xobeh_ov_fountains_minmay,
          fedhas_bush_and_centaur_altar, minmay_misc_feat_enclosed,
          hangedman_abyss_or_decor_stagger
D:9:      layout_basic, marbit_many_paths, serial_shops, shop, shop, shop,
          nicolae_zen_rock_garden, minivault_11, minmay_st_funbox,
          serial_bayou_crossing
D:10:     layout_loops_ring, dpeg_oklobed_lair
D:11:     minmay_chopped_fan, layout_basic, serial_shops, bzr_entry_water
Lair:1:   layout_gridlike, grunt_forest_small_clearings

Skill      XL: |  1  2  3  4  5  6  7  8  9 10 11 |
---------------+----------------------------------+-----
Axes           | 4 5 6 7 8 9 12 13 16 17 | 17.9
Armour         | 4 7 |  7.9
Fighting       | 5 8 |  8.3
Throwing       | |  2.0
Dodging        | |  3.2

Action                   |  1- 3 |  4- 6 |  7- 9 | 10-12 || total
-------------------------+-------+-------+-------+-------++-------
Melee: War axe           |    84 |   100 |    91 |       ||   275
       Headbutt          |    16 |    19 |    66 |    95 ||   196
       Battleaxe         |       |       |   200 |   385 ||   585
Invok: Lesser Servant of |       |       |       |     2 ||     2
Evoke: Wand              |       |       |       |     6 ||     6
  Use: Scroll            |     4 |     2 |     6 |     1 ||    13
       Potion            |     3 |     2 |     3 |     3 ||    11
 Stab: Distracted        |       |       |       |     1 ||     1
  Eat: Ration            |       |     1 |       |     2 ||     3
       Chunk             |       |     1 |     9 |    15 ||    25
Armor: Leather armour    |     7 |       |       |       ||     7
       Ring mail         |    24 |     3 |       |       ||    27
       Scale mail        |       |    44 |    26 |       ||    70
       Plate armour      |       |       |   117 |   226 ||   343
Dodge: Dodged            |    52 |    59 |    82 |   124 ||   317
